 Dungeon Crawl Stone Soup version 0.17.1-3-g152610e (webtiles) character file.

2222 Jerry the Covert (level 9, -5/58 HPs)
             Began as an Octopode Monk on Mar 8, 2016.
             Was a Priest of Cheibriados.
             Slain by a gnoll sergeant
             ... wielding a +1 trident of venom
              (6 damage)
             ... on level 8 of the Dungeon.
             The game lasted 00:37:01 (6528 turns).

Jerry the Covert (Octopode Monk)                    Turns: 6528, Time: 00:37:01

Health: -5/58      AC:  1    Str: 22    XL:     9   Next: 35%
Magic:  17/20      EV: 20    Int: 15    God:    Cheibriados [***...]
Gold:   441        SH:  0    Dex: 25    Spells: 0 memorised, 8 levels left

rFire  + . .     SeeInvis +       - Unarmed
rCold  . . .     Clarity  .     (no shield)
rNeg   + . .     SustAt   .     (helmet restricted)
rPois  .         Gourm    .     (no amulet)
rElec  .         Spirit   .     r - ring of protection from magic
rCorr  .         Warding  .     d - ring of see invisible
rMut   .         Stasis   .     p - +5 ring of strength
MR     +....                    x - ring of magical power
Stlth  ++++++....               i - -4 ring of intelligence (curse)
                                n - ring of positive energy
                                K - ring of protection from fire
                                (no ring)

@: lethally poisoned (-5 -> -19), very slow, somewhat resistant to hostile
enchantments, very stealthy
A: almost no armour, amphibious, 8 rings, constrict 8, camouflage 1, gelatinous
body 1
a: Bend Time, Temporal Distortion, Renounce Religion


You were on level 8 of the Dungeon.
You worshipped Cheibriados.
Cheibriados was most pleased with you.
You were hungry.

You visited 1 branch of the dungeon, and saw 8 of its levels.

You collected 441 gold pieces.

Inventory:

Missiles
 D - 4 tomahawks (quivered)
Jewellery
 d - a ring of see invisible (right tentacle)
 i - a cursed -4 ring of intelligence (on tentacle)
 n - a ring of positive energy (on tentacle)
 p - a +5 ring of strength (on tentacle)
 r - a ring of protection from magic (left tentacle)
 x - a ring of magical power (on tentacle)
 K - a ring of protection from fire (on tentacle)
Wands
 F - a wand of digging (9)
Scrolls
 e - 2 scrolls of teleportation
 k - 2 scrolls of fear
 l - a scroll of fog {unknown}
 s - a scroll of magic mapping {unknown}
 t - a scroll of enchant armour
 y - 2 scrolls of remove curse {unknown}
 B - a scroll of enchant weapon {unknown}
 G - a scroll of amnesia
 H - 2 scrolls of immolation {unknown}
 I - 4 scrolls of identify
 J - a scroll of torment {unknown}
Potions
 o - 2 potions of flight
 q - 2 potions of ambrosia {unknown}
 u - 2 potions of might {unknown}
 w - 2 potions of poison {unknown}
 z - a potion of haste {unknown}
 A - 2 potions of lignification {unknown}
 C - 2 potions of curing
 E - a potion of degeneration {unknown}
Books
 b - the Volume of Curses and Poison
   (You found it on level 4 of the Dungeon)

   Spells                             Type                      Level
   a - Sting                          Conjuration/Poison           1
   b - Ensorcelled Hibernation        Hexes/Ice                    2
   c - Cure Poison                    Poison                       2
   d - Inner Flame                    Hexes/Fire                   3
   e - Poisonous Cloud                Conjuration/Poison/Air       6
   f - Invisibility                   Hexes                        6
 g - a book of Annihilations

   Spells                             Type                      Level
   a - Poison Arrow                   Conjuration/Poison           6
   b - Chain Lightning                Conjuration/Air              8
   c - Lehudib's Crystal Spear        Conjuration/Earth            8
   d - Glaciate                       Conjuration/Ice              9
   e - Fire Storm                     Conjuration/Fire             9
Comestibles
 a - 7 bread rations
 c - 5 meat rations
 f - 5 beef jerkies
 h - 7 fruits
 m - 11 slices of pizza
 v - a royal jelly


   Skills:
 - Level 4.0 Fighting
 + Level 7.4 Dodging
 + Level 9.2 Stealth
 + Level 8.0 Unarmed Combat
 - Level 3.1 Invocations


You had 8 spell levels left.
You didn't know any spells.

Dungeon Overview and Level Annotations

Branches:
Dungeon (8/15)             Temple (0/1) D:6
   Lair: D:8-11

Altars:
Cheibriados
Elyvilon
Fedhas
Kikubaaqudgha
Makhleb
Nemelex Xobeh
Trog
Yredelemnul

Annotations:
D:4 Menkaure


Innate Abilities, Weirdness & Mutations

You cannot wear most types of armour.
You are amphibious.
You can wear up to eight rings at the same time.
You can use your tentacles to constrict eight enemies at once.
Your skin changes colour to match your surroundings (Stealth).
Your rubbery body absorbs attacks (AC +1).


Message History

* * * LOW HITPOINT WARNING * * *
You feel sick. The gnoll closely misses you.
You completely miss the gnoll. You grab the gnoll. You constrict the gnoll.
* * * LOW HITPOINT WARNING * * *
You feel sick. The gnoll closely misses you.
You tentacle-slap the gnoll. You squeeze the gnoll.
The gnoll is heavily wounded.
You constrict the gnoll.
* * * LOW HITPOINT WARNING * * *
You feel sick.
The gnoll sergeant completely misses you.
The gnoll hits you!
* * * LOW HITPOINT WARNING * * *
Drink which item? (? for menu, Esc to quit)
It was a potion of cancellation.
You feel magically purged.
You constrict the gnoll.
* * * LOW HITPOINT WARNING * * *
You feel sick.
The gnoll sergeant hits you from afar with a trident of venom.
You die...

## #### #. ..#
####.####.#
#....?.g#@#
#.##....#g#.#
#....).ggg#.#
#..###.)..#.#
#####
###.......#(#.#
#...#
#...........#.#
#...###
#.#...^...#.#.#
#.....# #
#.........#.#
#.###.#
#.####....#.#
#.# #..


You could see a gnoll sergeant and 2 gnolls.

Vanquished Creatures
  A human (D:7)
  2 hogs (D:7)
  An ice beast (D:7)
  Duvessa (D:5)
  2 ogres
  A centaur (D:5)
  2 giant frogs
  Dowan (D:5)
  2 scorpions
  6 killer bees (D:7)
  A crimson imp (D:5)
  A giant frog zombie (D:5)
  A giant frog skeleton (D:4)
  3 orc wizards
  A hound (D:7)
  An orc priest (D:7)
  5 worker ants
  2 iguanas (D:6)
  2 sheep (D:7)
  12 adders
  9 gnolls
  2 shadow imps
  2 oozes
  4 worms
  9 giant geckos
  33 orcs
  6 ball pythons
  6 bats
  2 bat zombies (D:5)
  9 hobgoblins
  16 jackals
  5 quokkas
  5 giant cockroaches
  A giant gecko zombie (D:6)
  6 giant newts
  8 goblins
  5 kobolds
  6 rats
  3 rat zombies (D:5)
185 creatures vanquished.

Notes
Turn   | Place    | Note
--------------------------------------------------------------
     0 | D:1      | Jerry the Octopode Monk began the quest for the Orb.
     0 | D:1      | Reached XP level 1. HP: 16/16 MP: 1/1
    36 | D:1      | Reached XP level 2. HP: 1/21 MP: 2/2
   567 | D:1      | Reached XP level 3. HP: 26/26 MP: 3/3
  1253 | D:2      | Found a burning altar of Makhleb.
  1275 | D:2      | Reached XP level 4. HP: 24/33 MP: 4/4
  1756 | D:2      | Found a white marble altar of Elyvilon.
  1756 | D:2      | Found a bloodstained altar of Trog.
  2268 | D:3      | Reached XP level 5. HP: 34/37 MP: 5/5
  2693 | D:4      | Reached skill level 5 in Unarmed Combat
  3040 | D:4      | Reached XP level 6. HP: 32/43 MP: 6/6
  3357 | D:4      | Identified the Volume of Curses and Poison
  3511 | D:4      | Reached skill level 5 in Stealth
  3521 | D:4      | Noticed Menkaure
  3545 | D:5      | Entered Level 5 of the Dungeon
  3809 | D:5      | Reached XP level 7. HP: 37/48 MP: 7/7
  3956 | D:5      | Reached skill level 5 in Dodging
  4005 | D:5      | Noticed Dowan
  4012 | D:5      | Noticed Duvessa
  4020 | D:5      | Killed Duvessa
  4020 | D:5      | Reached skill level 6 in Stealth
  4025 | D:5      | Killed Dowan
  4364 | D:5      | Found an ancient bone altar of Kikubaaqudgha.
  4518 | D:5      | Found a sparkling altar of Nemelex Xobeh.
  4519 | D:5      | Found a snail-covered altar of Cheibriados.
  4523 | D:5      | Became a worshipper of Cheibriados the Contemplative
  4523 | D:5      | Reached * piety under Cheibriados
  4523 | D:5      | Reached ** piety under Cheibriados
  4698 | D:6      | Reached skill level 1 in Invocations
  4698 | D:6      | Reached XP level 8. HP: 54/54 MP: 8/8
  4838 | D:6      | Found a blossoming altar of Fedhas.
  5122 | D:6      | Found a staircase to the Ecumenical Temple.
  5214 | D:7      | Reached skill level 7 in Stealth
  5714 | D:7      | Reached skill level 8 in Stealth
  5729 | D:7      | Reached XP level 9. HP: 41/58 MP: 11/11
  5956 | D:7      | Reached *** piety under Cheibriados
  5964 | D:7      | Reached skill level 9 in Stealth
  6493 | D:8      | Found a basalt altar of Yredelemnul.
  6527 | D:8      | HP: 2/58 [gnoll (7)]
  6528 | D:8      | Slain by a gnoll sergeant

Action                   |  1- 3 |  4- 6 |  7- 9 || total
-------------------------+-------+-------+-------++-------
Melee: Unarmed           |    85 |   144 |   175 ||   404
Throw: Stone             |     1 |       |       ||     1
       Tomahawk          |       |     1 |     1 ||     2
Invok: Bend Time         |       |       |     7 ||     7
  Use: Scroll            |       |     6 |     5 ||    11
       Potion            |       |       |     5 ||     5
 Stab: Sleeping          |     8 |    19 |    20 ||    47
       Distracted        |     1 |       |       ||     1
  Eat: Chunk             |     1 |     7 |     6 ||    14
